[Event "Titled Tuesday Blitz November 07 Late 2023"]
[White "Carlsen, Magnus"]
[Black "Tifferet, Shaked"]
[WhiteFideId "1503014"]
[BlackFideId "2811529"]
[WhiteElo "3268"]
[BlackElo "2513"]
[Result "1-0"]
[Round "1"]
[TimeControl "180+1"]
[Date "2023.11.07"]
[WhiteClock "0:00:48"]
[BlackClock "0:00:01"]
[Board "1"]

1. e4 c5 2. Nf3 d6 3. Bb5+ Bd7 4. a4 Nf6 5. e5 dxe5 6. Nxe5 Bxb5 7. axb5 Qd5 8. Nf3 Qe4+ 9. Qe2 Qxe2+ 10. Kxe2 Nbd7 11. d3 g6 12. Nc3 Bg7 13. Be3 O-O 14. Ra2 a6 15. Rha1 Rfb8 16. Nd2 Ng4 17. Bf4 e5 18. Bg3 f5 19. f3 Ngf6 20. Nc4 Nh5 21. bxa6 Rxa6 22. Rxa6 bxa6 23. Rxa6 Re8 24. Ra7 Nb8 25. Rc7 Na6 26. Ra7 Nb4 27. Kd1 Nxg3 28. hxg3 e4 29. fxe4 fxe4 30. Nxe4 Rf8 31. Kd2 Rf1 32. c3 Bh6+ 33. Ke2 Rb1 34. Nf6+ 1-0


[Site "https://www.chess.com"]

[Event "Titled Tuesday Blitz November 07 Late 2023"]
[White "Keleberda, Tymur"]
[Black "Jacobson, Brandon"]
[WhiteFideId "14174294"]
[BlackFideId "30901561"]
[WhiteElo "2512"]
[BlackElo "3129"]
[Result "0-1"]
[Round "1"]
[TimeControl "180+1"]
[Date "2023.11.07"]
[WhiteClock "0:00:00"]
[BlackClock "0:00:05"]
[Board "2"]

1. e4 c5 2. Nf3 Nc6 3. Bb5 e6 4. O-O Nge7 5. Re1 a6 6. Bf1 d5 7. exd5 Nxd5 8. d4 Nf6 9. c3 cxd4 10. cxd4 Be7 11. Nc3 O-O 12. Bf4 b5 13. Rc1 Bb7 14. g3 Rc8 15. Bg2 Nb4 16. Qd2 Nbd5 17. Be5 Nxc3 18. bxc3 Nd5 19. h4 h6 20. Rc2 Rc4 21. Bf4 Nxf4 22. Qxf4 Bd6 23. Qe3 Qc7 24. Nd2 Ra4 25. Bxb7 Qxb7 26. c4 Bb4 27. Rb1 Rd8 28. Nf3 bxc4 29. Rxc4 a5 30. a3 Qd5 31. Ne5 Rxa3 32. Qf4 f6 33. Rc7 Bd6 34. Rxg7+ Kxg7 35. Qg4+ Kf8 36. Qg6 fxe5 37. Qxh6+ Ke8 38. Qg6+ Kd7 39. dxe5 Rb8 40. Rc1 Bc5 41. Qc2 Rxg3+ 42. Kf1 Qg2+ 43. Ke2 Qxf2+ 0-1


[Site "https://www.chess.com"]

[Event "Titled Tuesday Blitz November 07 Late 2023"]
[White "Nihal Sarin"]
[Black "Sepulveda Rojas, Jorge"]
[WhiteFideId "25092340"]
[BlackFideId "3404803"]
[WhiteElo "3100"]
[BlackElo "2511"]
[Result "1-0"]
[Round "1"]
[TimeControl "180+1"]
[Date "2023.11.07"]
[WhiteClock "0:01:51"]
[BlackClock "0:01:04"]
[Board "3"]

1. d4 Nf6 2. c4 g6 3. Nc3 Bg7 4. e4 O-O 5. h3 d6 6. Be3 e5 7. d5 a5 8. g4 Na6 9. Nge2 Nc5 10. Ng3 c6 11. Be2 Rb8 12. g5 Ne8 13. h4 Qc7 14. Kf1 Bd7 15. Kg2 Bc8 16. Rc1 Qe7 17. h5 Nd7 18. Bg4 c5 19. Nb5 Nb6 20. Bxc8 Rxc8 21. Qg4 Qd7 22. Qh4 Bh8 23. Rh3 f5 24. hxg6 f4 25. gxh7+ Kf7 26. Nf5 Qxf5 27. exf5 fxe3 28. g6+ Kg7 29. Qh6+ Kf6 30. g7+ Ke7 31. gxf8=Q+ Kd7 32. Qe6+ Kd8 33. Qfxe8# 1-0


[Site "https://www.chess.com"]

[Event "Titled Tuesday Blitz November 07 Late 2023"]
[White "Osmak, Yuliia"]
[Black "Duda, Jan-Krzysztof"]
[WhiteFideId "14101602"]
[BlackFideId "1170546"]
[WhiteElo "2511"]
[BlackElo "3080"]
[Result "0-1"]
[Round "1"]
[TimeControl "180+1"]
[Date "2023.11.07"]
[WhiteClock "0:00:00"]
[BlackClock "0:00:31"]
[Board "4"]

1. e4 e6 2. d4 c5 3. d5 exd5 4. exd5 d6 5. c4 Bf5 6. Nc3 Be7 7. Nf3 Bf6 8. Bd3 Bxc3+ 9. bxc3 Ne7 10. O-O O-O 11. Bg5 Bxd3 12. Qxd3 Qd7 13. Bxe7 Qxe7 14. Rfe1 Qf6 15. a4 Nd7 16. a5 Rfe8 17. h3 Qg6 18. Qxg6 hxg6 19. Kf1 Kf8 20. Rab1 b6 21. Rxe8+ Rxe8 22. Ra1 Re7 23. Nd2 Ke8 24. f3 f5 25. g4 Kd8 26. Kf2 Kc8 27. Rg1 bxa5 28. Ra1 Ne5 29. Rxa5 Nd3+ 30. Kg3 Kb7 31. gxf5 gxf5 32. Rb5+ Kc7 33. Nb3 a6 34. Ra5 Kb6 35. Ra2 g5 36. h4 gxh4+ 37. Kxh4 Rg7 38. Rd2 Ne5 39. Rb2 Nxc4 40. Rb1 Ka7 41. Kh5 a5 42. f4 Ka6 0-1


[Site "https://www.chess.com"]

[Event "Titled Tuesday Blitz November 07 Late 2023"]
[White "Le, Quang Liem"]
[Black "Hnydiuk, Aleksander"]
[WhiteFideId "12401137"]
[BlackFideId "1109057"]
[WhiteElo "3075"]
[BlackElo "2510"]
[Result "1-0"]
[Round "1"]
[TimeControl "180+1"]
[Date "2023.11.07"]
[WhiteClock "0:02:11"]
[BlackClock "0:01:32"]
[Board "5"]

1. Nf3 d5 2. e3 Nf6 3. c4 e6 4. Nc3 Be7 5. b3 O-O 6. Bb2 c5 7. cxd5 exd5 8. d4 Nc6 9. Be2 Bg4 10. O-O Re8 11. dxc5 Bxc5 12. Rc1 Rc8 13. Nxd5 Qxd5 14. Qxd5 Nxd5 15. Rxc5 Nf4 16. Bc4 Nh3+ 17. gxh3 Bxf3 18. Rf5 Be4 19. Rxf7 Ne5 20. Bxe5 1-0


[Site "https://www.chess.com"]

[Event "Titled Tuesday Blitz November 07 Late 2023"]
[White "Mordechai, Hanan"]
[Black "Hakobyan, Aram"]
[WhiteFideId "2804166"]
[BlackFideId "13306677"]
[WhiteElo "2510"]
[BlackElo "3064"]
[Result "0-1"]
[Round "1"]
[TimeControl "180+1"]
[Date "2023.11.07"]
[WhiteClock "0:00:07"]
[BlackClock "0:00:20"]
[Board "6"]

1. c4 g6 2. Nc3 Bg7 3. e4 c5 4. Nf3 Nc6 5. Be2 d6 6. O-O Bg4 7. d3 Nf6 8. Be3 Bxf3 9. Bxf3 O-O 10. g3 Rb8 11. Bg2 Nd7 12. f4 Nd4 13. f5 b5 14. Qd2 bxc4 15. dxc4 e6 16. Bg5 Rxb2 17. Qxb2 Qxg5 18. Rac1 Ne5 19. Rfd1 Ng4 20. Qd2 Qxd2 21. Rxd2 Bh6 22. Rcd1 Be3+ 23. Kh1 Bxd2 24. Rxd2 Ne3 25. f6 Nxc4 26. Rf2 Rb8 27. h4 Ne5 28. Bh3 h6 29. Ne2 Rb1+ 30. Kg2 Rb2 31. Nf4 Rxf2+ 32. Kxf2 g5 33. Nh5 c4 34. Ke3 c3 0-1


[Site "https://www.chess.com"]

[Event "Titled Tuesday Blitz November 07 Late 2023"]
[White "Pranav, V"]
[Black "Rangel, Daniel"]
[WhiteFideId "25060783"]
[BlackFideId "2124475"]
[WhiteElo "3063"]
[BlackElo "2509"]
[Result "1-0"]
[Round "1"]
[TimeControl "180+1"]
[Date "2023.11.07"]
[WhiteClock "0:02:31"]
[BlackClock "0:01:17"]
[Board "7"]

1. e4 c5 2. Nf3 g6 3. d4 cxd4 4. Qxd4 Nf6 5. Bb5 Nc6 6. Bxc6 bxc6 7. Nc3 Bg7 8. e5 Ng8 9. O-O Nh6 10. Bxh6 Bxh6 11. e6 f6 12. exd7+ Qxd7 13. Qc4 Qe6 14. Qa4 O-O 15. Rfe1 Qd7 16. Rad1 Qc7 17. Qc4+ Kh8 18. Nd5 Qb7 19. Nxe7 Qxb2 20. Qh4 Kg7 21. Nxc8 g5 22. Rd7+ Kg6 23. Ne7+ Kf7 24. Nf5+ Kg6 25. Qxh6+ Kxf5 26. Qxh7+ Kf4 27. Re4# 1-0


[Site "https://www.chess.com"]

[Event "Titled Tuesday Blitz November 07 Late 2023"]
[White "Pasti, Aron"]
[Black "Firouzja, Alireza"]
[WhiteFideId "785857"]
[BlackFideId "12573981"]
[WhiteElo "2507"]
[BlackElo "3061"]
[Result "0-1"]
[Round "1"]
[TimeControl "180+1"]
[Date "2023.11.07"]
[WhiteClock "0:01:13"]
[BlackClock "0:02:10"]
[Board "8"]

1. e4 a6 2. d4 c6 3. Nf3 d5 4. Nc3 dxe4 5. Nxe4 Bf5 6. Ng3 Bg6 7. h4 h6 8. h5 Bh7 9. Bd3 Bxd3 10. Qxd3 e6 11. Bd2 Nf6 12. O-O-O Nbd7 13. Ne4 Nxe4 14. Qxe4 Nf6 15. Qe2 Qd5 16. c4 Qe4 17. Qxe4 Nxe4 18. Be3 Be7 19. Ne5 Rd8 20. f3 Ng3 21. Rh3 Nf5 22. Bf2 Bg5+ 23. Kc2 Be3 24. Rf1 Rxd4 25. Bxe3 Nxe3+ 26. Kc3 Nxf1 27. Kxd4 Ke7 28. Kc5 Rd8 29. Kb6 Rd2 30. b4 f6 31. Ng6+ Kd6 32. c5+ Kd7 33. Nf8+ Ke7 34. Ng6+ Kf7 35. Kxb7 Rxa2 36. Kxc6 Ne3 37. Rh4 Rxg2 38. Rd4 Nd5 39. Kd7 Rc2 40. c6 Nb6+ 41. Kc7 Nd5+ 42. Kb7 f5 43. Nf4 Ne7 44. c7 e5 45. Rd7 exf4 46. Kxa6 Ke6 47. Rxe7+ Kxe7 0-1


[Site "https://www.chess.com"]

[Event "Titled Tuesday Blitz November 07 Late 2023"]
[White "Paravyan, David"]
[Black "Hajiyev, Kanan"]
[WhiteFideId "4194985"]
[BlackFideId "13404148"]
[WhiteElo "3045"]
[BlackElo "2506"]
[Result "1-0"]
[Round "1"]
[TimeControl "180+1"]
[Date "2023.11.07"]
[WhiteClock "0:00:54"]
[BlackClock "0:00:00"]
[Board "9"]

1. e4 c6 2. d4 d6 3. e5 dxe5 4. Nf3 e4 5. Ng5 Nf6 6. Bc4 e6 7. Nc3 Be7 8. Ngxe4 Nbd7 9. O-O Nxe4 10. Nxe4 Nf6 11. Nxf6+ Bxf6 12. c3 O-O 13. Qf3 Bd7 14. Bf4 Qa5 15. Rfe1 Rfe8 16. Be5 Bxe5 17. Rxe5 Qb6 18. Qe2 Rad8 19. b4 Bc8 20. a4 Qc7 21. h4 Qe7 22. g3 Qf6 23. Re1 b6 24. Bd3 Bb7 25. Be4 Rd7 26. a5 Rc8 27. Qh5 g6 28. Qe2 Rdc7 29. a6 Ba8 30. h5 Kg7 31. Qe3 c5 32. h6+ Kf8 33. Bxa8 cxd4 34. cxd4 Rxa8 35. d5 Re8 36. Qd4 Rd8 37. Qe4 Re7 38. dxe6 Rxe6 39. Rxe6 Qxe6 40. Qxe6 fxe6 41. Rxe6 Rd4 42. Rc6 Rxb4 43. Rc8+ Kf7 44. Rc7+ Kf6 45. Rxa7 Ra4 46. Rxh7 Rxa6 47. Rb7 g5 48. h7 Ra8 49. Rxb6+ Kg7 50. Rb7+ Kg6 51. Kg2 g4 52. Rb4 Kg5 53. Rb1 Rh8 54. Rh1 Kg6 55. Rh4 Kg5 56. Kf1 Kf5 57. Ke2 Re8+ 58. Kd3 Rd8+ 59. Kc4 Rh8 60. Kd5 Rd8+ 61. Kc6 Rh8 62. Kd7 Kf6 63. Kd6 Rd8+ 64. Kc5 Rh8 65. Rxg4 Rxh7 66. Kd4 Kf5 67. Rf4+ Kg5 68. Ke3 Rh1 69. Kf3 Rb1 70. Re4 Rb3+ 71. Re3 Rb1 72. Re5+ Kf6 73. Rd5 Rb3+ 74. Ke4 Ke6 75. Rd4 Rb1 76. g4 Re1+ 77. Kf4 Rg1 78. f3 Kf6 79. Rd6+ Kf7 80. Rc6 Re1 81. Kf5 Rd1 82. Rc7+ Kg8 83. g5 Rd6 84. f4 Kf8 85. Kg4 Kg8 86. f5 Rd1 87. Kh5 Rh1+ 88. Kg6 Kf8 89. f6 Ke8 90. Rc8+ Kd7 91. Ra8 Rf1 92. Kf7 Rf5 93. g6 Ra5 94. Rxa5 1-0


[Site "https://www.chess.com"]

[Event "Titled Tuesday Blitz November 07 Late 2023"]
[White "Reprintsev, Alexander"]
[Black "Martinez Alcantara, Jose Eduardo"]
[WhiteFideId "14100541"]
[BlackFideId "3805662"]
[WhiteElo "2505"]
[BlackElo "3039"]
[Result "0-1"]
[Round "1"]
[TimeControl "180+1"]
[Date "2023.11.07"]
[WhiteClock "0:00:53"]
[BlackClock "0:01:40"]
[Board "10"]

1. e4 c5 2. b3 d6 3. Bb2 Nf6 4. Bxf6 gxf6 5. Qh5 Nc6 6. f4 e6 7. Nf3 a6 8. a4 Bd7 9. Bc4 Qe7 10. Nc3 O-O-O 11. O-O Kb8 12. Ne2 Bc8 13. d4 d5 14. exd5 exd5 15. Bd3 Qc7 16. c3 Re8 17. Ng3 cxd4 18. cxd4 Qxf4 19. Qxd5 Qe3+ 20. Kh1 Qxd3 21. Qxf7 Bd6 22. Rfd1 Qg6 23. Qc4 Bxg3 24. hxg3 Qxg3 25. Rac1 Rhg8 26. Rd2 Bh3 27. Qf1 Bg4 28. Rxc6 Bxf3 29. Rxf6 Re1 0-1


[Site "https://www.chess.com"]

[Event "Titled Tuesday Blitz November 07 Late 2023"]
[White "Xiong, Jeffery"]
[Black "Silva, Caio Henrique Angelico"]
[WhiteFideId "2047640"]
[BlackFideId "22777210"]
[WhiteElo "3030"]
[BlackElo "2504"]
[Result "0-1"]
[Round "1"]
[TimeControl "180+1"]
[Date "2023.11.07"]
[WhiteClock "0:00:32"]
[BlackClock "0:00:54"]
[Board "11"]

1. e4 c6 2. Nf3 d5 3. d3 Qc7 4. exd5 cxd5 5. c4 dxc4 6. dxc4 Nf6 7. Nc3 a6 8. g3 Nc6 9. Bg2 Bg4 10. Qa4 e6 11. Bf4 Bd6 12. Bxd6 Qxd6 13. Rd1 Qc5 14. h3 Bh5 15. g4 Bg6 16. Nd4 Qe5+ 17. Nce2 O-O 18. f4 Qc5 19. Nxc6 bxc6 20. Qxc6 Qb4+ 21. Rd2 Rad8 22. Bd5 exd5 23. a3 Qe7 24. f5 Ne4 25. fxg6 Qh4+ 26. Kd1 Nf2+ 27. Kc2 Nxh1 28. gxf7+ Kh8 29. Rxd5 Rc8 30. Qxa6 Qf2 31. Re5 Qxf7 32. Kb3 Nf2 33. Qe6 Qxe6 34. Rxe6 Nd3 35. Re3 Rb8+ 36. Kc3 Nxb2 37. Re7 Rf3+ 38. Kd4 Rd3+ 39. Ke4 Rd2 0-1


[Site "https://www.chess.com"]

[Event "Titled Tuesday Blitz November 07 Late 2023"]
[White "Rottenwohrer Suarez, Juan"]
[Black "Bortnyk, Olexandr"]
[WhiteFideId "32068182"]
[BlackFideId "14120828"]
[WhiteElo "2503"]
[BlackElo "3028"]
[Result "0-1"]
[Round "1"]
[TimeControl "180+1"]
[Date "2023.11.07"]
[WhiteClock "0:00:07"]
[BlackClock "0:01:31"]
[Board "12"]

1. e4 Nf6 2. e5 Nd5 3. Nf3 d6 4. exd6 exd6 5. Be2 Be7 6. O-O O-O 7. d4 Bg4 8. h3 Bh5 9. c4 Nb6 10. b3 Nc6 11. Nc3 Bf6 12. Be3 Re8 13. Qd2 h6 14. d5 Bxf3 15. Bxf3 Ne5 16. Be2 Nbd7 17. Ne4 Bh4 18. Nc3 a6 19. Rad1 Ng6 20. Bd3 Nde5 21. Bb1 Rb8 22. f4 Nd7 23. Bd4 b5 24. cxb5 axb5 25. Ne2 Nc5 26. Rf3 Ne4 27. Qc2 f5 28. Kh2 b4 29. Bb2 Rb5 30. Nd4 Rc5 31. Qd3 Nxf4 32. Rxf4 Bg3+ 33. Kg1 Bxf4 34. Ne6 Qh4 35. Nxc5 Qf2+ 0-1


[Site "https://www.chess.com"]

[Event "Titled Tuesday Blitz November 07 Late 2023"]
[White "Ibarra Jerez, Jose Carlos"]
[Black "Pinto, Daniel"]
[WhiteFideId "2226332"]
[BlackFideId "3303144"]
[WhiteElo "3004"]
[BlackElo "2503"]
[Result "1-0"]
[Round "1"]
[TimeControl "180+1"]
[Date "2023.11.07"]
[WhiteClock "0:00:03"]
[BlackClock "0:00:00"]
[Board "13"]

1. e4 e5 2. Nf3 Nc6 3. Bb5 Nf6 4. O-O Nxe4 5. d4 Nd6 6. dxe5 Nxb5 7. a4 Nbd4 8. Nxd4 Nxd4 9. Qxd4 d5 10. Qd3 c6 11. Nc3 Qd7 12. Ne2 Qf5 13. Qc3 Be7 14. a5 a6 15. Be3 O-O 16. Nd4 Qg6 17. Ne2 f6 18. exf6 Bxf6 19. Bd4 Bf5 20. Rac1 Bg5 21. f4 Bh4 22. g3 Rae8 23. Rf2 Re4 24. Kh1 Rfe8 25. Ng1 Bf6 26. Bxf6 Qxf6 27. Qxf6 gxf6 28. Nf3 Re2 29. Kg1 R2e4 30. c3 Bg4 31. Nd4 Bh3 32. Nf3 Ra4 33. b4 Bg4 34. Nd4 Ra3 35. Kg2 Bf5 36. Nxf5 1-0


[Site "https://www.chess.com"]

[Event "Titled Tuesday Blitz November 07 Late 2023"]
[White "Medeiros Jr, Francisco De Assis"]
[Black "Oparin, Grigoriy"]
[WhiteFideId "2114267"]
[BlackFideId "24125890"]
[WhiteElo "2502"]
[BlackElo "3000"]
[Result "0-1"]
[Round "1"]
[TimeControl "180+1"]
[Date "2023.11.07"]
[WhiteClock "0:00:00"]
[BlackClock "0:00:39"]
[Board "14"]

1. d4 Nf6 2. Nf3 e6 3. Bg5 d5 4. Nbd2 Nbd7 5. e3 h6 6. Bh4 c5 7. c3 Be7 8. Bd3 b5 9. Bxb5 Qb6 10. Qb3 Rb8 11. Bxd7+ Bxd7 12. O-O Qd8 13. Qc2 O-O 14. Rab1 Qa5 15. Nb3 Qxa2 16. Bxf6 gxf6 17. Nxc5 Bxc5 18. dxc5 Rfc8 19. Qd2 Rxc5 20. Qd4 Rcb5 21. Qxf6 Rxb2 22. Rxb2 Qxb2 23. Ne5 Be8 24. Qxh6 Qxc3 25. Qg5+ Kf8 26. Qf6 Qc2 27. h4 Rb1 28. Rxb1 Qxb1+ 29. Kh2 Qf5 30. Qh8+ Ke7 31. f4 a5 32. Nf3 Qf6 33. Qxf6+ Kxf6 34. Nd4 a4 35. Nc2 Kf5 36. Kg3 f6 37. Kf3 Bh5+ 38. Kf2 Ke4 39. Nd4 Kd3 40. Nb5 Kc4 41. Na3+ Kb4 42. Nc2+ Kb3 43. Nd4+ Kb2 44. Nb5 Be8 0-1


[Site "https://www.chess.com"]

[Event "Titled Tuesday Blitz November 07 Late 2023"]
[White "Drygalov, Andrey"]
[Black "Gatterer, Florian"]
[WhiteFideId "24171735"]
[BlackFideId "811688"]
[WhiteElo "2985"]
[BlackElo "2501"]
[Result "1-0"]
[Round "1"]
[TimeControl "180+1"]
[Date "2023.11.07"]
[WhiteClock "0:02:11"]
[BlackClock "0:00:05"]
[Board "15"]

1. e4 c5 2. Nf3 e6 3. d4 cxd4 4. Nxd4 Nf6 5. Nc3 Nc6 6. Ndb5 Bb4 7. a3 Bxc3+ 8. Nxc3 d5 9. exd5 exd5 10. Bd3 O-O 11. O-O Bg4 12. f3 Bh5 13. Bg5 Qb6+ 14. Kh1 Ne4 15. Nxe4 dxe4 16. Bxe4 Qxb2 17. Qb1 Qb6 18. Qxb6 axb6 19. Rfb1 Bg6 20. Bxg6 hxg6 21. Rxb6 Rfe8 22. h4 Nd4 23. c3 Nc2 24. Rc1 Nxa3 25. Rxb7 Rac8 26. Rb4 Nc4 27. Rd1 f6 28. Bf4 Re7 29. Kh2 Re2 30. Rd7 Ne5 31. Bxe5 Rxe5 32. Rbb7 Rxc3 33. Rxg7+ Kf8 34. Rbf7+ Ke8 35. Rxf6 Re2 36. Rgxg6 Rcc2 37. h5 Ke7 38. Rf5 Ra2 39. h6 Re1 40. h7 Raa1 41. Re5+ Rxe5 42. h8=Q Rh5+ 43. Qxh5 1-0


[Site "https://www.chess.com"]

[Event "Titled Tuesday Blitz November 07 Late 2023"]
[White "JackRodgers"]
[Black "Elsa167"]
[WhiteElo "2496"]
[BlackElo "2980"]
[Result "1/2-1/2"]
[Round "1"]
[TimeControl "180+1"]
[Date "2023.11.07"]
[WhiteClock "0:00:05"]
[BlackClock "0:00:05"]
[Board "16"]

1. d4 Nf6 2. Bg5 e6 3. e4 h6 4. Bxf6 Qxf6 5. Nf3 d5 6. Nc3 Bb4 7. Bd3 c5 8. exd5 cxd4 9. Bb5+ Bd7 10. Bxd7+ Nxd7 11. Qxd4 Qxd4 12. Nxd4 Bxc3+ 13. bxc3 exd5 14. O-O-O O-O-O 15. Rhe1 Nf6 16. f3 a6 17. Re7 Rd7 18. Rde1 g6 19. Kd2 Kd8 20. R7e5 Re8 21. g4 Rxe5 22. Rxe5 Kc7 23. h4 Kd6 24. Re1 Rd8 25. h5 Re8 26. hxg6 fxg6 27. Rb1 Kc7 28. Rh1 h5 29. gxh5 gxh5 30. Rg1 Rh8 31. Rg6 Nd7 32. Ne6+ Kb8 33. Nf4 Ne5 34. Rg3 h4 35. Rh3 Rf8 36. Nxd5 Rd8 37. c4 Nxc4+ 38. Kc3 Ne5 39. Nb4 Rc8+ 40. Kb2 Ng6 41. Nd3 Rf8 42. f4 Rf5 43. Kc3 Kc7 44. a4 Kd6 45. Kd2 Ke6 46. Ke3 Kf6 47. Kf3 Ra5 48. Kg4 Rxa4 49. Rh1 b5 50. Re1 Rc4 51. Ra1 Rc6 52. Ra2 Rd6 53. Ra1 Kg7 54. Ra2 Rc6 55. f5 Rc4+ 56. Kg5 Ne7 57. Ra1 Nd5 58. Ne5 Rxc2 59. Kxh4 Kf6 60. Ng4+ Kxf5 61. Rf1+ Ke4 62. Ra1 Nb4 63. Re1+ Kd4 64. Re8 Kc4 65. Ne3+ Kb3 66. Nxc2 Kxc2 67. Kg3 a5 68. Rb8 a4 69. Rxb5 Nd3 70. Ra5 Kb3 71. Rxa4 Kxa4 1/2-1/2


[Site "https://www.chess.com"]

[Event "Titled Tuesday Blitz November 07 Late 2023"]
[White "Deac, Bogdan-Daniel"]
[Black "Nilsen, Tobias Lang"]
[WhiteFideId "1226380"]
[BlackFideId "1521624"]
[WhiteElo "2976"]
[BlackElo "2496"]
[Result "1-0"]
[Round "1"]
[TimeControl "180+1"]
[Date "2023.11.07"]
[WhiteClock "0:00:10"]
[BlackClock "0:00:11"]
[Board "17"]

1. b3 e5 2. Bb2 Nc6 3. Nf3 e4 4. Nd4 Nxd4 5. Bxd4 d5 6. e3 Nf6 7. c4 c6 8. Nc3 Be6 9. cxd5 cxd5 10. Bb5+ Nd7 11. f3 exf3 12. Qxf3 a6 13. Bd3 Bc5 14. Bxg7 Rg8 15. Bd4 Bxd4 16. exd4 Qh4+ 17. Qf2 Qh5 18. Ne2 O-O-O 19. Nf4 Qh6 20. O-O-O Kb8 21. Kb2 Qf6 22. Rhf1 h6 23. Rde1 Nc5 24. Bc2 Ne4 25. Qe3 Qh4 26. Bxe4 dxe4 27. h3 Qf6 28. Nxe6 Qxe6 29. g4 Rge8 30. Qf4+ Qd6 31. Qxd6+ Rxd6 32. Rxf7 Rxd4 33. Rf2 Rd3 34. Re3 Red8 35. Rxd3 Rxd3 36. h4 Rg3 37. Rf4 e3 38. dxe3 Rxe3 39. Rf6 Rg3 40. Rg6 Kc7 41. a4 a5 42. h5 Kd7 43. Kc2 Ke7 44. Rb6 Rxg4 45. Rxb7+ Kf6 46. Rb6+ Kg5 47. Rb5+ Kh4 48. Rxa5 Rg5 49. Rxg5 Kxg5 50. a5 1-0


[Site "https://www.chess.com"]

[Event "Titled Tuesday Blitz November 07 Late 2023"]
[White "Le Goff, Ronan"]
[Black "Hong, Andrew"]
[WhiteFideId "612073"]
[BlackFideId "2099438"]
[WhiteElo "2493"]
[BlackElo "2975"]
[Result "0-1"]
[Round "1"]
[TimeControl "180+1"]
[Date "2023.11.07"]
[WhiteClock "0:00:26"]
[BlackClock "0:00:47"]
[Board "18"]

1. d4 Nf6 2. c4 d6 3. Nc3 Nbd7 4. e4 e5 5. Nf3 g6 6. h3 Bg7 7. Be2 O-O 8. O-O exd4 9. Nxd4 Re8 10. Bf3 Nc5 11. Re1 Nfd7 12. Nb3 Ne5 13. Be2 Be6 14. Nxc5 dxc5 15. Nd5 c6 16. Ne3 Qxd1 17. Rxd1 Rad8 18. Bd2 Rd4 19. Bc3 Rxe4 20. Bf1 Nxc4 21. Nxc4 Bxc4 22. Bxg7 Kxg7 23. Bxc4 Rxc4 24. Rd7 Rb4 25. b3 Re2 26. Rc7 a5 27. Rd1 Rxa2 28. Rdd7 Rf4 29. f3 Rb2 30. Rxb7 c4 31. bxc4 Rxb7 32. Rxb7 Rxc4 33. Ra7 Rc1+ 34. Kf2 Rc2+ 35. Kg3 Ra2 36. Rc7 Rc2 37. Ra7 Rc5 38. Kf4 Kf6 39. g4 h5 40. h4 Ke6 41. Ra8 Rc4+ 42. Kg5 Rc5+ 43. Kh6 hxg4 44. fxg4 Rc4 45. Kg5 f6+ 46. Kxg6 Rxg4+ 47. Kh5 Ra4 48. Ra6 Kd6 49. Kg6 Rxh4 50. Rxa5 Rf4 51. Ra8 c5 52. Kf7 Kd5 53. Rd8+ Kc4 54. Ke6 Kc3 55. Rc8 c4 56. Kd5 Kd3 57. Rh8 c3 58. Rh3+ Kc2 59. Rh8 Kb2 60. Rb8+ Kc1 0-1


[Site "https://www.chess.com"]

[Event "Titled Tuesday Blitz November 07 Late 2023"]
[White "Rasulov, Vugar"]
[Black "MclarenF1LM"]
[WhiteFideId "13402390"]
[WhiteElo "2970"]
[BlackElo "2492"]
[Result "1-0"]
[Round "1"]
[TimeControl "180+1"]
[Date "2023.11.07"]
[WhiteClock "0:01:59"]
[BlackClock "0:02:13"]
[Board "19"]

1. e4 c5 2. Nf3 e6 3. c3 d5 4. exd5 exd5 5. d4 Nc6 6. Bb5 Nf6 7. O-O Be7 8. dxc5 O-O 9. Be3 Bg4 10. Bxc6 bxc6 11. Nbd2 Rb8 12. b4 a5 13. a3 Re8 14. Re1 Qc7 15. h3 Bh5 16. Bd4 h6 17. Be5 Qb7 18. Bxb8 Qxb8 19. g4 Nxg4 20. hxg4 Bxg4 21. Nf1 Qf4 22. N1h2 Bh5 23. Qd4 Qf5 24. Re5 Qg6+ 25. Kh1 1-0


[Site "https://www.chess.com"]

[Event "Titled Tuesday Blitz November 07 Late 2023"]
[White "Czerw, Dawid"]
[Black "Makhnev, Denis"]
[WhiteFideId "1145746"]
[BlackFideId "13707647"]
[WhiteElo "2488"]
[BlackElo "2969"]
[Result "0-1"]
[Round "1"]
[TimeControl "180+1"]
[Date "2023.11.07"]
[WhiteClock "0:00:05"]
[BlackClock "0:00:07"]
[Board "20"]

1. e4 e5 2. Nf3 Nc6 3. Bb5 a6 4. Ba4 Bc5 5. c3 Nge7 6. d4 exd4 7. cxd4 Bb4+ 8. Nc3 d5 9. e5 O-O 10. h3 Bf5 11. O-O Qc8 12. Ne2 Be4 13. Nh2 f6 14. exf6 Rxf6 15. f3 Bg6 16. Ng4 Rf8 17. Ne5 Nxe5 18. dxe5 Bc5+ 19. Kh1 c6 20. Bc2 Ba7 21. f4 Qe6 22. Bxg6 Qxg6 23. Bd2 Rae8 24. Be1 Nf5 25. Bf2 Ne3 26. Bxe3 Bxe3 27. Qb3 Bc5 28. Rac1 b6 29. Qc2 Qxc2 30. Rxc2 Rxe5 31. fxe5 Rxf1+ 32. Kh2 Re1 33. Kg3 Kf7 34. Kf3 a5 35. Nf4 Rxe5 36. Re2 Rxe2 37. Kxe2 Bd6 38. Nd3 c5 39. Ne1 c4 40. Nf3 h6 41. Nd4 Be5 42. Nb5 Ke6 43. b3 Kd7 44. bxc4 dxc4 45. Na3 c3 46. Kd3 Kc6 47. Nc2 b5 48. a3 Kc5 49. Ne3 b4 50. axb4+ axb4 51. Kc2 Bd4 52. Nf5 g6 53. Ne7 Kc4 0-1


[Site "https://www.chess.com"]

[Event "Titled Tuesday Blitz November 07 Late 2023"]
[White "Makarian, Rudik"]
[Black "Novik, Maxim"]
[WhiteFideId "44105681"]
[BlackFideId "4102924"]
[WhiteElo "2967"]
[BlackElo "2488"]
[Result "1-0"]
[Round "1"]
[TimeControl "180+1"]
[Date "2023.11.07"]
[WhiteClock "0:00:06"]
[BlackClock "0:00:07"]
[Board "21"]

1. d4 Nf6 2. c4 g6 3. Nc3 d5 4. Bg5 Ne4 5. cxd5 Nxg5 6. h4 Ne4 7. Nxe4 Qxd5 8. Nc3 Qd8 9. h5 Bg7 10. e3 c5 11. h6 Bf6 12. d5 O-O 13. Nf3 e6 14. Bc4 exd5 15. Bxd5 Nc6 16. O-O Bg4 17. Bxc6 bxc6 18. Ne4 Bxb2 19. Rb1 Bh8 20. Nxc5 Qe7 21. Nb3 Rad8 22. Qe2 Rd5 23. Rfd1 Rh5 24. Nbd4 Rxh6 25. Nxc6 Qc5 26. Qb5 Qxb5 27. Ne7+ Kg7 28. Rxb5 Rh5 29. Rxh5 Bxh5 30. Rd7 a5 31. Ra7 Re8 32. Nd5 Kg8 33. Rxa5 Bg4 34. Nd4 h5 35. Ra6 Bxd4 36. exd4 Re1+ 37. Kh2 Kg7 38. Ne3 Be2 39. Ra7 Ra1 40. d5 Bb5 41. Kg3 Kf6 42. Ra5 Bd7 43. Ra6+ Ke7 44. Kf4 f6 45. Ke4 Rg1 46. Ra7 g5 47. Nf5+ Ke8 48. Ng7+ Ke7 49. Nxh5 Re1+ 50. Kf3 Re5 51. Kg3 Rxd5 52. f3 Rd2 53. Kh2 Ke6 54. a3 Bb5 55. Kg3 Bf1 56. Ng7+ Ke5 57. Ra5+ Kd6 58. Nf5+ Ke6 59. Ne3 Re2 60. Nxf1 f5 61. Ra6+ Ke5 62. Ra5+ Kf6 63. Kh2 f4 64. Kg1 Kg6 65. Nh2 Re1+ 66. Kf2 Ra1 67. Ng4 Ra2+ 68. Kg1 Kh5 69. Ra6 Kh4 70. Nf2 Kg3 71. Nh1+ Kh4 72. Rh6# 1-0


[Site "https://www.chess.com"]

[Event "Titled Tuesday Blitz November 07 Late 2023"]
[White "subham777"]
[Black "Sarana, Alexey"]
[BlackFideId "24133795"]
[WhiteElo "2488"]
[BlackElo "2964"]
[Result "0-1"]
[Round "1"]
[TimeControl "180+1"]
[Date "2023.11.07"]
[WhiteClock "0:00:03"]
[BlackClock "0:00:58"]
[Board "22"]

1. e4 c5 2. Nf3 d6 3. d4 cxd4 4. Qxd4 Nc6 5. Bb5 Bd7 6. Bxc6 Bxc6 7. c4 f5 8. Nc3 e5 9. Qd3 Nf6 10. exf5 Qd7 11. Ng5 O-O-O 12. Ne6 Re8 13. Nd5 Rxe6 14. fxe6 Qxe6 15. Be3 Nxd5 16. cxd5 Qxd5 17. Qxd5 Bxd5 18. O-O a6 19. Rac1+ Bc6 20. Rfd1 Be7 21. a3 Kd7 22. b4 g5 23. Rd2 Ke6 24. Rcd1 h5 25. Re1 g4 26. Bb6 h4 27. g3 Bf3 28. Be3 Rc8 29. Rb2 Rc3 30. a4 Ra3 31. a5 h3 32. Reb1 d5 33. Rb3 Ra4 34. Bc5 Bg5 35. b5 Rxa5 36. bxa6 bxa6 37. Rb6+ Kf5 38. Be3 Bxe3 39. fxe3 Ra2 40. R1b2 Ra3 41. R2b3 Ra5 42. Rc6 Ra1+ 43. Kf2 Ra2+ 44. Kg1 Rg2+ 45. Kf1 Rxh2 46. Rbb6 Ra2 47. Rf6+ Ke4 48. Rb4+ Kxe3 49. Rb3+ Ke4 50. Rb4+ d4 51. Re6 h2 0-1


[Site "https://www.chess.com"]